 Dungeon Crawl Stone Soup version 0.29.0-4-gdea44cf6ec (webtiles) character file.

Game seed: 9723139895438015260

265 qw the Chopper (level 6, -6/35 HPs)
             Began as a Tengu Warper on Aug 29, 2022.
             Was an Initiate of Okawaru.
             Succumbed to a kobold brigand's curare-tipped dart
             ... on level 4 of the Dungeon.
             The game lasted 00:02:46 (3990 turns).

qw the Chopper (Tengu Warper)                       Turns: 3990, Time: 00:02:47

Health: -6/35      AC: 10    Str: 13    XL:     6   Next: 20%
Magic:  10/10      EV:  7    Int: 14    God:    Okawaru [......]
Gold:   144        SH:  0    Dex: 13    Spells: 9/9 levels left

rFire   . . .      SeeInvis .   b - +3 hand axe
rCold   . . .      Faith    .   (no shield)
rNeg    . . .      Spirit   .   h - +0 chain mail
rPois   .          Reflect  .   (helmet restricted)
rElec   .          Harm     .   (no cloak)
rCorr   .          Rampage  .   (no gloves)
Will    .....                   (boots unavailable)
Stlth   ..........              (no amulet)
HPRegen 0.11/turn               (no ring)
MPRegen 0.12/turn               (no ring)

@: lethally poisoned (-6 -> -37), about to teleport, flying quickly and
evasively, slowed, very slow
A: beak, talons 3, nimble flight, iridescent scales 1
a: Renounce Religion


You were on level 4 of the Dungeon.
You worshipped Okawaru.
Okawaru was noncommittal.
You visited 2 branches of the dungeon, and saw 5 of its levels.

You collected 144 gold pieces.


Innate Abilities, Weirdness & Mutations

You have a beak for a mouth.
You have claws for feet.
Your magical nature lets you fly swiftly and evasively.
You are partially covered in iridescent scales. (AC +2)


   Skills:
 - Level 2.0 Fighting
 + Level 6.7 Axes
 - Level 1.0 Throwing
 - Level 2.0 Armour
 - Level 2.1 Dodging
 - Level 2.0 Spellcasting
 - Level 2.4 Translocations


You had 9 spell levels left.
You didn't know any spells.
Your spell library contained the following spells:

 Spells                   Type           Power      Damage    Failure   Level
 Blink                    Tloc           16%        N/A       99%         2
 Gell's Gravitas          Tloc           8%         N/A       100%        3
 Lesser Beckoning         Tloc           8%         N/A       100%        3
 Teleport Other           Tloc           8%         N/A       100%        3
 Manifold Assault         Tloc           8%         N/A       100%        5

Inventory:

Hand Weapons
 a - a +0 flail
 b - a +3 hand axe (weapon)
Missiles
 l - a boomerang (quivered)
Armour
 h - a +0 chain mail (worn)
Scrolls
 i - a scroll of teleportation
 j - 2 scrolls of identify
Potions
 f - a potion of might
 g - a potion of mutation

Dungeon Overview and Level Annotations

Branches:
Dungeon (4/15)             Temple (1/1) D:4

Altars:
Ashenzari
Cheibriados
Gozag
Okawaru
Qazlal
Trog
Vehumet
Xom
Yredelemnul
Zin

Shops:
D:1 =

Annotations:
D:4 2 transporters, qw's ghost, amateur TeWr


Message History

The kobold hits you but does no damage.
You hit the hobgoblin. Your peck misses the hobgoblin.
The hobgoblin is almost dead.
You closely miss the kobold. The hobgoblin hits you with a +0 club.
The kobold closely misses you.
You hit the hobgoblin.
You kill the hobgoblin!
Okawaru accepts your kill.
You closely miss the kobold. The kobold barely misses you.
A kobold comes into view. It is wielding a +0 dagger.
You closely miss the kobold. Your kick misses the kobold.
Your peck misses the kobold. You hit the kobold.
The kobold hits you but does no damage. x2
You hit the kobold.
You kill the kobold!
Okawaru accepts your kill.
You hit the kobold.
You kill the kobold!
Okawaru accepts your kill.
The kobold brigand throws a curare-tipped dart.
The curare-tipped dart hits you.
You are poisoned.
You have difficulty breathing.
You feel yourself slow down.
You feel very sick.
The kobold brigand throws a curare-tipped dart.
The curare-tipped dart hits you.
You are more poisoned.
You have difficulty breathing.
You feel as though you will be slow longer.
You feel extremely sick.
The kobold brigand throws a curare-tipped dart.
The curare-tipped dart hits you.
You are more poisoned.
You have difficulty breathing.
You feel as though you will be slow longer.
3990 ||| READING 2 scrolls of teleportation.
As you read the scroll of teleportation, it crumbles to dust.
You feel strangely unstable.
You die...

##....###...##
(.#......####...
..#......###....
..#.......#.<...
##..#~.....###....
#..##~^....###....
##.K#~~............
#)K##~~............
#.@#~~~~...........
#..#~~~~...#.#.###. ####
#..#~~~~..####.# ## ##..#
#..##~~.....##.#### #...#
##..#~~#....##..#.. #...#
#..#~.#.##.#......
##...####..#..#.##....###.
#...(...))..##........####
#........).###........#.##


You could see a kobold brigand and a kobold.

Vanquished Creatures
  A black bear (D:4)
  An orc priest (D:3)
  An orc wizard (D:4)
  3 worms
  2 dart slugs
  12 orcs
  6 bats
  7 endoplasms
  6 giant cockroaches
  6 goblins
  12 hobgoblins
  3 quokkas
  5 ball pythons
  9 frilled lizards
  12 kobolds
  4 rats
90 creatures vanquished.

Notes
Turn   | Place    | Note
-------+----------+-------------------------------------------
     0 | D:1      | qw the Tengu Warper began the quest for the Orb.
     0 | D:1      | Reached XP level 1. HP: 12/12 MP: 4/4
     0 | D:1      | 0 ||| qw: Version: 0.1-a-89-g26bdef1
     0 | D:1      | 0 ||| qw: Game counter: 3644
     0 | D:1      | 0 ||| qw: Always use a shield: true
     0 | D:1      | 0 ||| qw: God list: Okawaru
     0 | D:1      | 0 ||| qw: Allow faded altars: false
     0 | D:1      | 0 ||| qw: Do Orc after D:15 true
     0 | D:1      | 0 ||| qw: Do second Lair branch before Depths: true
     0 | D:1      | 0 ||| qw: Lair rune preference: random
     0 | D:1      | 0 ||| qw: Plans: Normal
     0 | D:1      | 0 ||| PLANNING D:1-11
    20 | D:1      | 20 ||| Stepping ~*~*~tactically~*~*~ (stealth).
    22 | D:1      | 22 ||| Stepping ~*~*~tactically~*~*~ (stealth).
   125 | D:1      | Found a faded altar of an unknown god.
   153 | D:1      | Reached XP level 2. HP: 13/17 MP: 6/6
   256 | D:1      | Reached skill level 3 in Axes
   293 | D:1      | 293 ||| Stepping ~*~*~tactically~*~*~ (stealth).
   295 | D:1      | 295 ||| Stepping ~*~*~tactically~*~*~ (stealth).
   620 | D:1      | Found Omeetyb's One-of-a-Kind Rings.
   626 | D:1      | 626 ||| SHOPLISTING +9 ring of slaying (2482 gold, have 7).
   626 | D:1      | 626 ||| SHOPLISTING ring "Tihodou" {Fly rF- rN++ Int-4
                  | Dex+10} (446 gold, have 7).
   626 | D:1      | 626 ||| SHOPLISTING ring of Crawling {Wiz rPois Int+3} (522
                  | gold, have 7).
   626 | D:1      | 626 ||| SHOPLISTING ring of the Voivode {rN+ Str+4 Int+6
                  | Slay+3} (750 gold, have 7).
   703 | D:1      | 703 ||| Stepping ~*~*~tactically~*~*~ (stealth).
   725 | D:1      | Reached XP level 3. HP: 18/21 MP: 7/7
   768 | D:1      | 768 ||| SWAPPING to +1 vorpal hand axe.
   769 | D:1      | 769 ||| DROPPING +0 hand axe.
  1114 | D:1      | 1114 ||| UPGRADING to +0 scale mail.
  1124 | D:1      | 1124 ||| DROPPING +0 leather armour.
  1125 | D:1      | 1125 ||| READING 2 scrolls labelled ICOUCA EFIDEO.
  1126 | D:1      | 1126 ||| READING scroll labelled JALOTO XOEG.
  1129 | D:1      | 1129 ||| READING scroll labelled XAINOAJ VIMENAITIO.
  1130 | D:1      | 1130 ||| DRINKING 2 cyan potions.
  1235 | D:1      | 1235 ||| DRINKING 2 lumpy ruby potions.
  1235 | D:1      | Gained mutation: You are partially covered in iridescent
                  | scales. (AC +2) [potion of mutation]
  1236 | D:1      | 1236 ||| DROPPING scroll of blinking.
  1237 | D:1      | 1237 ||| DROPPING potion of berserk rage.
  1244 | D:2      | Reached skill level 4 in Axes
  1302 | D:2      | 1302 ||| FLEEEEING.
  1303 | D:2      | 1303 ||| FLEEEEING.
  1366 | D:2      | 1366 ||| FLEEEEING.
  1393 | D:2      | 1393 ||| Stepping ~*~*~tactically~*~*~ (stealth).
  1825 | D:2      | 1825 ||| UPGRADING to +0 chain mail.
  1835 | D:2      | 1835 ||| DROPPING +0 scale mail.
  1836 | D:2      | 1836 ||| READING scroll labelled LEAMES ORAE.
  1837 | D:2      | 1837 ||| DRINKING 2 fizzy dark potions.
  1838 | D:2      | 1838 ||| READING 2 scrolls of identify.
  1838 | D:2      | 1838 ||| IDENTIFYING bubbling brown potion
  1839 | D:2      | 1839 ||| DROPPING potion of magic.
  2041 | D:3      | Found a stormy altar of Qazlal.
  2167 | D:3      | 2167 ||| Stepping ~*~*~tactically~*~*~ (stealth).
  2185 | D:3      | Reached XP level 4. HP: 26/26 MP: 8/8
  2395 | D:3      | 2395 ||| SWAPPING to +0 hand axe of venom.
  2396 | D:3      | 2396 ||| DROPPING +1 vorpal hand axe.
  2479 | D:3      | Reached skill level 5 in Axes
  2980 | D:3      | 2980 ||| READING scroll labelled UMEHOGYMAH.
  2981 | D:3      | 2981 ||| READING scroll labelled QUCWIYHIOBU.
  2982 | D:3      | 2982 ||| READING scroll labelled QAANKU ONUUCUF.
  3061 | D:4      | 3061 ||| Stepping ~*~*~tactically~*~*~ (stealth).
  3109 | D:4      | 3109 ||| Stepping ~*~*~tactically~*~*~ (stealth).
  3110 | D:4      | 3110 ||| Stepping ~*~*~tactically~*~*~ (stealth).
  3143 | D:4      | Noticed a black bear
  3154 | D:4      | Killed a black bear
  3155 | D:4      | Reached skill level 6 in Axes
  3155 | D:4      | Gained mutation: Your magical nature lets you fly swiftly
                  | and evasively. [Tengu growth]
  3155 | D:4      | Reached XP level 5. HP: 16/30 MP: 9/9
  3178 | D:4      | 3178 ||| FLEEEEING.
  3179 | D:4      | 3179 ||| FLEEEEING.
  3180 | D:4      | 3180 ||| FLEEEEING.
  3288 | D:4      | 3288 ||| Stepping ~*~*~tactically~*~*~ (hiding).
  3289 | D:4      | 3289 ||| Stepping ~*~*~tactically~*~*~ (hiding).
  3297 | D:4      | Reached XP level 6. HP: 33/35 MP: 10/10
  3344 | D:4      | Found a transporter.
  3552 | D:4      | 3552 ||| SWAPPING to +3 hand axe.
  3553 | D:4      | 3553 ||| DROPPING +0 hand axe of venom.
  3588 | D:4      | Found a staircase to the Ecumenical Temple.
  3589 | D:4      | 3589 ||| PLANNING TEMPLE
  3589 | D:4      | 3589 ||| DROPPING scarf of invisibility.
  3595 | Temple   | Entered the Ecumenical Temple
  3679 | Temple   | Became a worshipper of Warmaster Okawaru
  3706 | Temple   | 3706 ||| PLANNING D:1-11
  3760 | D:4      | 3760 ||| DROPPING +0 whip.
  3901 | D:4      | Noticed qw's ghost (amateur TeWr)
  3905 | D:4      | Found a transporter.
  3989 | D:4      | HP: 4/35 [asphyx]
  3990 | D:4      | 3990 ||| READING 2 scrolls of teleportation.
  3990 | D:4      | Succumbed to a kobold brigand's curare-tipped dart

Levels and vault maps discovered:
D:1:      dpeg_arrival_tiny_d, layout_loops_ring,
          hellmonk_ecumenical_altar_arch_garden, nicolae_shop_unique_rings,
          minmay_misc_feat_tower
D:2:      layout_rooms
D:3:      layout_basic, nicolae_qazlal_scattered_showers
D:4:      cheibrodos_thug_alley, layout_cave_pools, minmay_temple_entry_waves,
          gammafunk_ghost_mausoleum
Temple:   nicolae_temple_bog_church

Skill      XL: |  1  2  3  4  5 |
---------------+----------------+-----
Axes           | 3 4 6 |  6.7
Armour         | 2 |  2.0
Fighting       | |  2.0
Throwing       | |  1.0
Dodging        | |  2.1
Spellcasting   | |  2.0
Translocations | |  2.4

Action                   |  1- 3 |  4- 6 || total
-------------------------+-------+-------++-------
Melee: Hand axe          |    68 |    73 ||   141
       Kick              |    14 |    28 ||    42
       Peck              |     9 |     9 ||    18
       Punch             |       |     1 ||     1
Throw: Boomerang         |     7 |    30 ||    37
       Javelin           |    34 |    14 ||    48
  Use: Scroll            |     5 |     4 ||     9
       Potion            |     3 |       ||     3
Armor: Leather armour    |     9 |       ||     9
       Scale mail        |    10 |       ||    10
       Chain mail        |     6 |    34 ||    40
Dodge: Dodged            |    28 |    15 ||    43

Table legend:
 A = Non-vault XP
 B = Vault XP
 C = Vault XP percentage of total XP
 D = Non-vault monster count
 E = Vault monster count
 F = Vault count percentage of total count
                 A         B        C        D         E       F
            +---------+---------+-------+---------+---------+-------
      Total |     368 |      11 |   2.9 |      82 |       8 |   8.9
            +---------+---------+-------+---------+---------+-------
        D:1 |      43 |       0 |   0.0 |      26 |       0 |   0.0
        D:2 |      27 |       0 |   0.0 |      14 |       0 |   0.0
        D:3 |      83 |       0 |   0.0 |      20 |       0 |   0.0
        D:4 |     215 |      11 |   4.9 |      22 |       8 |  26.7
            +---------+---------+-------+---------+---------+-------
